 Dungeon Crawl Stone Soup version 0.23.2-40-g277498a001 (webtiles) character file.

Game seed: 13372475005359781368

64264 Exodus22XD the Severer (level 14, -10/122 HPs)
             Began as a Minotaur Fighter on Sept 6, 2019.
             Was the Champion of Ru.
             Mangled by a hellephant (19 damage)
             ... on level 3 of the Abyss.
             The game lasted 01:03:20 (17561 turns).

Exodus22XD the Severer (Minotaur Fighter)          Turns: 17561, Time: 01:03:21

Health: -10/122    AC: 25    Str: 30      XL:     14   Next: 71%
Magic:  15/22      EV: 17    Int:  0 (3)  God:    Ru [******]
Gold:   1110       SH: 15    Dex:  7      Spells: 13/13 levels left

rFire    + + +     SeeInvis .   c - +9 broad axe (vamp)
rCold    + . .     Gourm    .   m - +2 shield of Resistance {rF+ rC+ MR+}
rNeg     . . .     Faith    .   K - +2 fire dragon scales
rPois    .         Spirit   .   l - +2 hat
rElec    +         Reflect  .   M - +1 cloak of Starlight {rElec rC+ EV+4 Stlth--}
rCorr    .         Harm     +   o - +0 pair of gloves
MR       ++...                  z - +2 pair of boots
Stlth    ..........             g - amulet of harm
HPRegen  0.00/turn              p - +3 ring of slaying
MPRegen  0.18/turn              G - ring "Hecwewet" {+Inv +Fly MP+9 Str+7 Dex-4}

@: exhausted, non-regenerating, mildly diseased, slowed, lost intelligence,
invisible, very slow
A: retaliatory headbutt, horns 2, rugged brown scales 1, thin skeletal structure
1, clever 1, [dopey 2], frail 1, screaming 1, [weak 2], no stealth, inability to
use devices, hated by all, no earth magic, no necromancy magic, no summoning
magic, inexperienced 1
a: Draw Out Power, Power Leap, Apocalypse, Renounce Religion


You were on level 3 of the Abyss.
You worshipped Ru.
Ru was exalted by your worship.
You were very hungry.

You visited 4 branches of the dungeon, and saw 19 of its levels.
You visited the Abyss 1 time.
You also visited: Ossuary and Gauntlet.

You collected 1110 gold pieces.

Inventory:

Hand Weapons
 c - a +9 vampiric broad axe (weapon)
 C - a +2 war axe of electrocution
 L - a +2 antimagic flail
Armour
 l - a +2 hat (worn)
 m - the +2 shield of Resistance (worn) {rF+ rC+ MR+}
   (You found it on level 11 of the Dungeon)

   It protects you from fire.
   It protects you from cold.
   It affects your resistance to hostile enchantments.
 o - a +0 pair of gloves (worn)
 z - a +2 pair of boots (worn)
 B - a scarf of repulsion
 K - +2 fire dragon scales (worn)
 M - the +1 cloak of Starlight (worn) {rElec rC+ EV+4 Stlth--}
   (You found it in a Gauntlet)

   It affects your evasion (+4).
   It protects you from cold.
   It insulates you from electricity.
   It makes you much less stealthy.
Jewellery
 g - an amulet of harm (around neck)
 p - a +3 ring of slaying (left hand)
 A - the ring of Cheibriados's Pride {EV+1 Int+2}
   (You found it in a Gauntlet)

   [ring of evasion]

   It affects your evasion (+1).
   It affects your intelligence (+2).
 G - the ring "Hecwewet" (right hand) {+Inv +Fly MP+9 Str+7 Dex-4}
   (You found it on level 5 of the Lair of Beasts)

   [ring of magical power]

   It affects your strength (+7).
   It affects your dexterity (-4).
   It affects your magic capacity (+9).
   It lets you turn invisible.
   It lets you fly.
 N - an uncursed ring of see invisible {unknown}
 S - an uncursed amulet of rage {unknown}
Scrolls
 b - a scroll of torment
 e - 15 scrolls of remove curse
 i - 4 scrolls of magic mapping
 j - 4 scrolls of amnesia
 k - 3 scrolls of immolation
 n - 5 scrolls of fog
 s - 4 scrolls of fear
 y - 2 scrolls of blinking
 D - a scroll of silence
 F - 4 scrolls of vulnerability
 H - 3 scrolls of teleportation
 P - a scroll of holy word
Potions
 a - a potion of lignification
 d - 4 potions of might
 h - 2 potions of haste
 q - 5 potions of flight
 r - 4 potions of curing
 t - a potion of cancellation
 u - 5 potions of mutation
 v - a potion of heal wounds
 w - 2 potions of agility {unknown}
 x - 2 potions of brilliance {unknown}
 I - 2 potions of berserk rage
 J - a potion of magic {unknown}
 U - a potion of ambrosia {unknown}
Comestibles
 f - 47 rations


   Skills:
 + Level 14.2 Fighting
 + Level 17.8 Axes
 + Level 12.1 Armour
 + Level 9.0 Dodging
 + Level 13.4 Shields


You had 13 spell levels left.
You didn't know any spells.
Your spell library contained the following spells:

 Spells                   Type           Power        Failure   Level  Hunger
 Beastly Appendage        Tmut           #.....       88%         1    ##.....
 Confusing Touch          Hex            #.....       88%         1    ##.....
 Magic Dart               Conj           #...         88%         1    ##.....
 Blink                    Tloc           N/A          95%         2    ###....
 Slow                     Hex            #.......     95%         2    ###....
 Confuse                  Hex            #.......     99%         3    ####...
 Conjure Flame            Conj/Fire      #.......     99%         3    ####...
 Gell's Gravitas          Tloc           #.........   99%         3    ####...
 Mephitic Cloud           Conj/Pois/Air  #.......     99%         3    ####...
 Ozocubu's Armour         Chrm/Ice       #.......     99%         3    ####...
 Spider Form              Tmut/Pois      #.........   99%         3    ####...
 Ice Form                 Ice/Tmut       #.......     100%        4    #####..
 Blade Hands              Tmut           #.........   100%        5    ######.
 Metabolic Englaciation   Hex/Ice        #.........   100%        5    ######.
 Yara's Violent Unravell  Hex/Tmut       #.........   100%        5    ######.
 Ignition                 Fire           #.........   100%        8    #######
 Animate Skeleton         Necr           Unusable     N/A         1    N/A
 Pain                     Necr           Unusable     N/A         1    N/A
 Call Imp                 Summ           Unusable     N/A         2    N/A
 Sticks to Snakes         Tmut           Unusable     N/A         2    N/A
 Regeneration             Chrm/Necr      Unusable     N/A         3    N/A
 Vampiric Draining        Necr           Unusable     N/A         3    N/A
 Animate Dead             Necr           Unusable     N/A         4    N/A
 Petrify                  Tmut/Erth      Unusable     N/A         4    N/A

Dungeon Overview and Level Annotations

Branches:
Dungeon (11/15)            Temple (1/1) D:4            Lair (6/6) D:11
 Shoals (1/4) Lair:2       Spider (0/4) Lair:2        Slime (0/5) Lair:6
    Orc: D:9-12

Altars:
Ashenzari
Cheibriados
Elyvilon
Fedhas
Gozag
Kikubaaqudgha
Nemelex Xobeh
Okawaru
Qazlal
Ru
Trog
Uskayaw
Vehumet
Wu Jian
Xom
Yredelemnul
The Shining One

Annotations:
D:3 2 transporters
D:9 exclusion: oklob plant
D:11 1 runed translucent door


Innate Abilities, Weirdness & Mutations

You reflexively headbutt those who attack you in melee.
You have a pair of horns on your head.
You cannot be stealthy.
You cannot study or use magical devices.
You are hated by all.
You cannot study or cast Earth magic.
You cannot study or cast Necromancy magic.
You cannot study or cast Summoning magic.
You are somewhat inexperienced. (-2 XL)
You are partially covered in rugged brown scales. (AC +1, +3% HP)
You have a somewhat thin skeletal structure. (Dex +2, Stealth)
Your mind is acute. (Int +2)
You are frail. (-10% HP)
You occasionally shout uncontrollably at your foes.
[You are very dopey. (Int -4)]
[You are very weak. (Str -4)]


Message History

An elephant, 3 dire elephants, a hellephant and 2 spatial vortices come into view.
The dire elephant trumpets!
The elephant trumpets!
The hellephant trumpets!
The dire elephant trumpets!
You hear a trumpeting!
You hear a roar!
You hear a trumpeting!
Unknown command.
Press: ? - help, v - describe, . - travel
Here: a hellephant The floor.
You're too exhausted to power leap.
Okay, then.
Unknown command.
Press: ? - help, v - describe, . - travel
Here: a dire elephant The floor.
Press: ? - help, v - describe, . - travel
Here: a hellephant The floor.
You fade into invisibility!
The hellephant tramples you!
You die...

###≈≈...≈.
§≈≈≈≈...
Y≈≈≈≈≈.
.≈§≈§
§Y≈≈#
#..≈#
#..≈#
#@Y.#
#..≈#
#Y.§#
#..v#
Y..≈#
..v≈≈
.≈≈≈≈≈
≈≈≈≈≈≈..


You could see a hellephant, 3 dire elephants, an elephant and 2 spatial
vortices.

Vanquished Creatures
  A tentacled starspawn (Abyss:2)
  Gastronok (D:8)
  A minotaur (Gauntlet)
  2 fire dragons (D:11)
  2 ice dragons (D:11)
  2 merfolk aquamancers (Shoals:1)
  A merfolk avatar (Lair:6)
  5 hydras
  An anaconda (Lair:6)
  A catoblepas (Lair:3)
  2 two-headed ogres (D:11)
  3 death yaks (Gauntlet)
  Nergalle (D:10)
  2 sea snakes
  A shadow wraith (Abyss:2)
  A wizard (Gauntlet)
  A glowing orange brain (Abyss:2)
  A harpy (Lair:6)
  A shining eye (Gauntlet)
  A necromancer (Gauntlet)
  A manticore (Shoals:1)
  3 merfolk sirens (Lair:2)
  5 black mambas
  9 elephants
  13 spiny frogs
  13 komodo dragons
  5 rime drakes
  A minotaur zombie (Gauntlet)
  A hellwing (Abyss:2)
  3 ancient zymes (Abyss:2)
  3 trolls
  3 wind drakes
  7 polar bears (Lair:6)
  7 merfolk
  7 hornets
  22 blink frogs
  A raiju (Abyss:2)
  12 hippogriffs
  13 spriggans
  6 water elementals (Shoals:1)
  A wraith (D:10)
  4 wyverns
  2 ynoxinuls (Abyss:2)
  A chaos spawn (Abyss:2)
  18 yaks
  Eustachio (D:5)
  2 neqoxecs (Abyss:2)
  3 golden eyes
  4 basilisks
  2 steam dragons (D:8)
  21 water moccasins
  A large abomination (Abyss:2)
  A spiny frog skeleton (Abyss:2)
  6 porcupines
  A sky beast (D:8)
  2 ice beasts
  4 orc warriors
  3 phantoms
  2 black bears
  18 starcursed masses (Abyss:2)
  2 centaurs
  6 ogres
  3 boggarts (Lair:5)
  6 wolves
  14 crocodiles
  2 elf zombies (Ossuary)
  3 big kobolds
  Blork the orc (D:5)
  11 bullfrogs
  2 small abominations (Abyss:2)
  3 scorpions
  19 killer bees
  3 howler monkeys
  3 electric eels
  5 lava snakes
  A centaur zombie (D:8)
  4 crimson imps
  A quasit (Abyss:2)
  A human zombie (Ossuary)
  4 hounds
  3 orc priests
  2 orc wizards
  2 bullfrog skeletons
  2 centaur skeletons
  5 iguanas
  A hell rat (Lair:6)
  8 worker ants
  A hound skeleton (D:7)
  3 mummies
  A worker ant zombie (D:10)
  A howler monkey zombie (D:8)
  28 adders
  6 gnolls
  A howler monkey skeleton (D:7)
  3 river rats (Lair:6)
  3 shadow imps
  A white imp (Gauntlet)
  6 oozes (D:1)
  An adder zombie (D:6)
  3 worms
  2 dart slugs
  8 leopard geckos
  17 orcs
  12 bats
  13 giant cockroaches
  2 gnoll zombies (D:5)
  7 goblins
  11 hobgoblins
  14 jackals
  18 kobolds
  6 quokkas
  A ball python (D:2)
  8 frilled lizards (D:2)
  3 goblin zombies
  9 hobgoblin zombies (Ossuary)
  A jackal skeleton (D:9)
  11 kobold zombies (Ossuary)
  A leopard gecko skeleton (D:5)
  10 orc zombies
  A quokka skeleton (D:6)
  17 rats
  2 rat zombies (Ossuary)
  5 fungi
  4 plants
  2 starspawn tentacles (Abyss:2)
623 creatures vanquished.

Vanquished Creatures (others)
  A wind drake (Lair:6)
  A blink frog (Lair:5)
  A wyvern (Lair:2)
  A golden eye (Abyss:2)
  A basilisk (D:11)
  A killer bee (D:9)
  A white imp (Gauntlet)
  A kobold (D:8)
  A fungus (Lair:6)
  11 plants
  14 toadstools (D:9)
34 creatures vanquished.

Grand Total: 657 creatures vanquished

Notes
Turn   | Place    | Note
-------+----------+-------------------------------------------
     0 | D:1      | Exodus22XD the Minotaur Fighter began the quest for the
                  | Orb.
     0 | D:1      | Reached XP level 1. HP: 19/19 MP: 0/0
     1 | D:1      | Found a runed translucent door.
    11 | D:1      | Reached XP level 2. HP: 25/27 MP: 1/1
    31 | D:1      | Reached XP level 3. HP: 13/33 MP: 2/2
   396 | D:1      | Reached skill level 3 in Axes
   655 | D:1      | Reached XP level 4. HP: 41/41 MP: 3/3
  1108 | D:2      | Found a radiant altar of Vehumet.
  1368 | D:2      | Reached skill level 4 in Axes
  1410 | D:2      | Reached XP level 5. HP: 47/47 MP: 4/4
  1725 | D:3      | Found a transporter.
  1780 | D:3      | Reached skill level 1 in Dodging
  1854 | D:3      | Found a transporter.
  2014 | D:3      | Found a bloodstained altar of Trog.
  2071 | D:4      | Found a sand-covered staircase.
  2164 | Ossuary  | Entered an ossuary
  2364 | Ossuary  | Reached skill level 5 in Fighting
  2364 | Ossuary  | Reached skill level 5 in Axes
  2364 | Ossuary  | Reached XP level 6. HP: 43/56 MP: 5/5
  2466 | D:4      | Reached skill level 6 in Axes
  2466 | D:4      | Reached skill level 5 in Armour
  2466 | D:4      | Reached XP level 7. HP: 43/61 MP: 6/6
  2474 | D:4      | Found a stormy altar of Qazlal.
  2612 | D:4      | Reached skill level 5 in Shields
  2626 | D:4      | Found a staircase to the Ecumenical Temple.
  2637 | D:4      | Reached skill level 7 in Axes
  2700 | Temple   | Entered the Ecumenical Temple
  2725 | Temple   | Became a worshipper of Ru the Awakened
  3185 | D:5      | Entered Level 5 of the Dungeon
  3257 | D:5      | Noticed Blork the orc
  3260 | D:5      | Killed Blork the orc
  3361 | D:5      | Noticed Eustachio
  3373 | D:5      | Killed Eustachio
  3373 | D:5      | Reached skill level 8 in Axes
  3373 | D:5      | Reached XP level 8. HP: 36/70 MP: 7/7
  3927 | D:5      | Found a basalt altar of Yredelemnul.
  4164 | D:6      | Found a hide-covered altar of Uskayaw.
  4211 | D:6      | Reached skill level 9 in Axes
  4276 | D:6      | Found an ornate altar of the Wu Jian Council.
  4421 | D:6      | Gained mutation: You cannot study or use magical devices.
                  | [Ru sacrifice]
  4421 | D:6      | Reached * piety under Ru
  4421 | D:6      | Reached ** piety under Ru
  4580 | D:6      | Found an ancient bone altar of Kikubaaqudgha.
  4697 | D:7      | Found a shattered altar of Ashenzari.
  4725 | D:7      | Found a shimmering altar of Xom.
  4751 | D:7      | Noticed a hippogriff
  4765 | D:7      | Killed a hippogriff
  5039 | D:7      | Reached XP level 9. HP: 79/79 MP: 8/8
  5655 | D:7      | Reached skill level 10 in Axes
  6079 | D:8      | Noticed Gastronok
  6099 | D:8      | Killed Gastronok
  6099 | D:8      | Reached skill level 11 in Axes
  6099 | D:8      | Reached XP level 10. HP: 65/88 MP: 9/9
  6430 | D:8      | Reached skill level 12 in Axes
  6599 | D:8      | Found a sacrificial altar of Ru.
  7054 | D:8      | Gained mutation: You are somewhat inexperienced. (-2 XL)
                  | [Ru sacrifice]
  7054 | D:8      | Reached XP level 9. HP: 42/82 MP: 8/8
  7054 | D:8      | Reached XP level 8. HP: 42/75 MP: 7/7
  7054 | D:8      | Reached *** piety under Ru
  7054 | D:8      | Reached **** piety under Ru
  7258 | D:9      | Found a glowing golden altar of the Shining One.
  7317 | D:9      | Reached skill level 5 in Dodging
  7393 | D:9      | Reached XP level 9. HP: 78/82 MP: 8/8
  7561 | D:9      | Found an iron altar of Okawaru.
  7738 | D:9      | Found a blossoming altar of Fedhas.
  7749 | D:9      | Noticed an oklob plant
  7926 | D:9      | Reached skill level 13 in Axes
  8119 | D:10     | Entered Level 10 of the Dungeon
  8255 | D:10     | Noticed Nergalle
  8264 | D:10     | Killed Nergalle
  8407 | D:10     | Gained mutation: You are hated by all. [Ru sacrifice]
  8407 | D:10     | Reached ***** piety under Ru
  8511 | D:10     | Noticed a troll
  8517 | D:10     | Killed a troll
  8517 | D:10     | Reached XP level 10. HP: 89/91 MP: 9/9
  9106 | D:11     | Noticed a two-headed ogre
  9112 | D:11     | Killed a two-headed ogre
  9145 | D:11     | Found a staircase to the Lair.
  9146 | D:11     | Noticed an elephant
  9172 | D:11     | Killed an elephant
  9453 | D:11     | Noticed a two-headed ogre
  9461 | D:11     | Killed a two-headed ogre
  9461 | D:11     | Reached skill level 14 in Axes
  9607 | D:11     | Reached XP level 11. HP: 94/99 MP: 8/10
  9625 | D:11     | Noticed an ice dragon
  9627 | D:11     | Noticed a fire dragon
  9628 | D:11     | Noticed an ice dragon
  9629 | D:11     | Noticed a fire dragon
  9630 | D:11     | Found a runed translucent door.
  9631 | D:11     | Found the +2 shield of Resistance {rF+ rC+ MR+}
  9631 | D:11     | Found a runed translucent door.
  9764 | D:11     | Reached skill level 10 in Fighting
 10022 | Lair:1   | Entered Level 1 of the Lair of Beasts
 10064 | Lair:1   | Found a gate leading to a gauntlet.
 10076 | Lair:1   | Reached skill level 10 in Armour
 10117 | Gauntlet | Entered a Gauntlet
 10117 | Gauntlet | Found a transporter.
 10117 | Gauntlet | Found a transporter.
 10117 | Gauntlet | Found a transporter.
 10118 | Gauntlet | Found a transporter.
 10118 | Gauntlet | Noticed a shining eye
 10119 | Gauntlet | Found a transporter.
 10125 | Gauntlet | Found a transporter.
 10127 | Gauntlet | Noticed a wizard
 10129 | Gauntlet | Found a transporter.
 10130 | Gauntlet | Found a transporter.
 10131 | Gauntlet | Found a transporter.
 10133 | Gauntlet | Found a transporter.
 10140 | Gauntlet | Noticed a necromancer
 10140 | Gauntlet | Noticed a death yak
 10141 | Gauntlet | Found a transporter.
 10141 | Gauntlet | Noticed a dire elephant
 10141 | Gauntlet | Noticed a death yak
 10141 | Gauntlet | Noticed a death yak
 10142 | Gauntlet | Found a transporter.
 10232 | Gauntlet | Found the +1 cloak of Starlight {rElec rC+ EV+4 Stlth--}
 10324 | Gauntlet | Gained mutation: You occasionally shout uncontrollably at
                  | your foes. [a shining eye]
 10325 | Gauntlet | Gained mutation: Your magical capacity is low. (-10% MP) [a
                  | shining eye]
 10330 | Gauntlet | Gained mutation: You are frail. (-10% HP) [a shining eye]
 10332 | Gauntlet | Killed a shining eye
 10411 | Gauntlet | Lost mutation: Your magical capacity is low. (-10% MP)
                  | [potion of mutation]
 10411 | Gauntlet | Lost mutation: You are frail. (-10% HP) [potion of
                  | mutation]
 10411 | Gauntlet | Gained mutation: You have a somewhat thin skeletal
                  | structure. (Dex +2, Stealth) [potion of mutation]
 10411 | Gauntlet | Gained mutation: Your mind is acute. (Int +2) [potion of
                  | mutation]
 10411 | Gauntlet | Gained mutation: You are frail. (-10% HP) [potion of
                  | mutation]
 10411 | Gauntlet | Gained mutation: You are partially covered in rugged brown
                  | scales. (AC +1, +3% HP) [potion of mutation]
 10455 | Gauntlet | Killed a wizard
 10490 | Gauntlet | Killed a death yak
 10494 | Gauntlet | Killed a necromancer
 10498 | Gauntlet | Killed a death yak
 10498 | Gauntlet | Reached skill level 5 in Stealth
 10499 | Gauntlet | Killed a death yak
 10501 | Gauntlet | Gained mutation: You cannot be stealthy. [Ru sacrifice]
 10507 | Gauntlet | Got a clouded tin ring
 10515 | Gauntlet | Identified the ring of Cheibriados's Pride {EV+1 Int+2}
                  | (You found it in a Gauntlet)
 10530 | Gauntlet | Noticed a minotaur
 10545 | Gauntlet | Killed a minotaur
 11115 | Lair:1   | Reached XP level 12. HP: 100/100 MP: 11/11
 11227 | Lair:1   | Reached skill level 15 in Axes
 11497 | Lair:2   | Found a staircase to the Shoals.
 11806 | Lair:2   | Found a hole to the Spider Nest.
 11810 | Lair:2   | Noticed a four-headed hydra
 11814 | Lair:2   | Reached skill level 10 in Shields
 11820 | Lair:2   | Killed a four-headed hydra
 12103 | Lair:2   | Gained mutation: You cannot study or cast Earth magic. [Ru
                  | sacrifice]
 12103 | Lair:2   | Gained mutation: You cannot study or cast Necromancy magic.
                  | [Ru sacrifice]
 12103 | Lair:2   | Gained mutation: You cannot study or cast Summoning magic.
                  | [Ru sacrifice]
 12103 | Lair:2   | Reached ****** piety under Ru
 12289 | Lair:3   | Noticed a catoblepas
 12301 | Lair:3   | Killed a catoblepas
 12635 | Lair:3   | Identified the Papyrus of the Snowflakes and the Volcanoes
 13224 | Lair:4   | Noticed an eight-headed hydra
 13232 | Lair:4   | Killed an eight-headed hydra
 13235 | Lair:4   | Reached skill level 16 in Axes
 13554 | Lair:4   | Reached XP level 13. HP: 105/108 MP: 12/12
 14028 | Lair:5   | You fall through a shaft!
 14028 | Lair:6   | Entered Level 6 of the Lair of Beasts
 14036 | Lair:6   | Paralysed by a hornet for 1 turns
 14115 | Lair:6   | Found a staircase to the Slime Pits.
 14774 | Lair:6   | Got a warped robe
 14785 | Lair:6   | Identified the +1 robe of the Moon {-Cast rPois Int+5
                  | Slay+5} (You found it on level 6 of the Lair of Beasts)
 15787 | Lair:5   | Identified a scroll of acquirement
 15850 | Lair:5   | Got a shimmering bone ring
 15858 | Lair:5   | Reached XP level 14. HP: 111/119 MP: 13/13
 15871 | Lair:5   | Reached skill level 17 in Axes
 15901 | Lair:5   | Identified the ring "Hecwewet" {+Inv +Fly MP+9 Str+7 Dex-4}
                  | (You found it on level 5 of the Lair of Beasts)
 16917 | Shoals:1 | Entered Level 1 of the Shoals
 17159 | Shoals:1 | Cast into level 2 of the Abyss (merfolk impaler)
 17226 | Abyss:2  | Noticed a starcursed mass
 17240 | Abyss:2  | Noticed a starcursed mass
 17293 | Abyss:2  | Found a shimmering altar of Xom.
 17482 | Abyss:2  | Noticed a starcursed mass
 17525 | Abyss:2  | Noticed a tentacled starspawn
 17532 | Abyss:2  | Killed a tentacled starspawn
 17555 | Abyss:2  | Lost intelligence.
 17560 | Abyss:3  | Noticed a hellephant
 17561 | Abyss:3  | Mangled by a hellephant

Skill      XL: |  1  2  3  4  5  6  7  8  9 10 11 12 13 14 |
---------------+-------------------------------------------+-----
Fighting       | 4 5 6 7 9 10 11 13 14 | 14.2
Shields        | 4 5 6 8 9 10 12 13 | 13.4
Armour         | 4 5 6 9 10 11 12 | 12.1
Axes           | 3 4 5 6 8 9 13 14 16 17 | 17.8
Dodging        | 1 2 5 4 6 7 8 9 |  9.0
Stealth        | 0 |  0.0

Action                   |  1- 3 |  4- 6 |  7- 9 | 10-12 | 13-15 || total
-------------------------+-------+-------+-------+-------+-------++-------
Melee: War axe           |    81 |   197 |   300 |   375 |   337 ||  1290
       Headbutt          |    14 |    36 |    55 |    78 |   110 ||   293
       Flail             |       |       |       |     8 |    11 ||    19
       Broad axe         |       |       |       |       |   121 ||   121
Invok: Sacrifice Artific |       |       |     1 |       |       ||     1
       Sacrifice Experie |       |       |     1 |       |       ||     1
       Sacrifice Love    |       |       |     1 |       |       ||     1
       Power Leap        |       |       |       |     1 |     1 ||     2
       Sacrifice Stealth |       |       |       |     1 |       ||     1
       Sacrifice Arcana  |       |       |       |     1 |       ||     1
  Use: Scroll            |       |       |    16 |     6 |    15 ||    37
       Potion            |       |       |     2 |     2 |     7 ||    11
 Stab: Distracted        |       |       |       |     1 |     5 ||     6
       Invisible         |       |       |       |     2 |     4 ||     6
       Paralysed         |       |       |       |       |     5 ||     5
  Eat: Chunk             |       |     4 |    17 |    16 |     7 ||    44
       Ration            |       |       |       |     1 |     3 ||     4
Armor: Scale mail        |    58 |    66 |   124 |    70 |       ||   318
       Ring mail         |       |       |       |    22 |    61 ||    83
       Fire dragon scale |       |       |       |       |    22 ||    22
Dodge: Dodged            |    31 |    55 |   101 |   105 |   175 ||   467
       Deflected         |       |       |       |     1 |       ||     1
Block: Shield            |    58 |    77 |   150 |   159 |   227 ||   671
